 Dungeon Crawl Stone Soup version 0.20-a0-495-g2241292 (webtiles) character file.

259212 ololoev the Brawler (level 19, -7/187 HPs)
             Began as a Troll Fire Elementalist on Jan 18, 2017.
             Was the Champion of Makhleb.
             Killed by the air
             ... invoked by a spriggan air mage
             ... led by a spriggan defender
              (16 damage)
             ... on level 4 of the Depths.
             The game lasted 01:48:57 (33924 turns).

ololoev the Brawler (Troll Fire Elementalist)      Turns: 33924, Time: 01:48:58

Health: -7/187     AC: 21    Str: 31    XL:     19   Next: 85%
Magic:  0/26       EV:  9    Int: 18    God:    Makhleb [******]
Gold:   2551       SH: 22    Dex: 11    Spells: 19/24 levels left

rFire    + . .     SeeInvis +     - Unarmed
rCold    + . .     Gourm    +   m - +1 storm dragon scales of the Mackerel {rElec Str+2}
rNeg     + . .     Faith    .   I - +0 large shield
rPois    +         Spirit   +   d - +1 hat
rElec    +         Reflect  .   p - +0 cloak "Ykhail" {*Contam rPois Int+7}
rCorr    .         Harm     .   (gloves unavailable)
MR       +++++                  (boots unavailable)
Stlth    ..........             q - amulet of Bygi {Spirit Str+5}
Regen    1.3/turn               W - ring of Luilaink {rElec rF+ MR+ Int-2 Dex+3}
                                O - ring "Utrias" {rC+ rN+ MR+++ Dex-5 SInv}

@: about to teleport
A: unfitting armour, claws 3, clever 1, fast metabolism 3, gourmand,
regeneration 2, shaggy fur 1, tough skin 2
a: Minor Destruction, Lesser Servant of Makhleb, Major Destruction, Greater
Servant of Makhleb, Renounce Religion


Innate Abilities, Weirdness & Mutations

You are too large for most types of armour.
You have claws for hands.
Your metabolism is lightning-fast.
You like to eat raw meat.
You heal very quickly.
You are covered in fur. (AC +1)
You have very tough skin. (AC +2)
Your mind is acute. (Int +2)

Inventory:

Hand Weapons
 b - a +9 blowgun
Missiles
 e - 10 needles of confusion
 l - 62 large rocks (quivered)
 K - 6 needles of frenzy
 N - 11 curare-tipped needles
Armour
 d - a +1 hat (worn)
 m - the +1 storm dragon scales of the Mackerel (worn) {rElec Str+2}
   (You acquired it on level 12 of the Dungeon)

   It affects your strength (+2).
   It insulates you from electricity.
 p - the +0 cloak "Ykhail" (worn) {*Contam rPois Int+7}
   (You bought it in a shop on level 1 of the Orcish Mines)

   It affects your intelligence (+7).
   It protects you from poison.
   It causes magical contamination when unequipped.
 I - a +0 large shield (worn)
Jewellery
 q - the amulet of Bygi (around neck) {Spirit Str+5}
   (You took it off a servant of whispers in the Desolation of Salt)

   [amulet of guardian spirit]

   It causes incoming damage to be split between your health and magic.
   It affects your strength (+5).
 O - the ring "Utrias" (left claw) {rC+ rN+ MR+++ Dex-5 SInv}
   (You found it on level 9 of the Dungeon)

   [ring of protection from cold]

   It affects your dexterity (-5).
   It protects you from cold.
   It protects you from negative energy.
   It affects your resistance to hostile enchantments.
   It lets you see invisible.
 Q - the cursed ring "Veten" {Str+3 Int-4 Stlth+, unknown}
   (You found it on level 3 of the Depths)

   [ring of intelligence]

   It affects your strength (+3).
   It affects your intelligence (-4).
   It makes you more stealthy.
   It has a curse placed upon it.
 W - the ring of Luilaink (right claw) {rElec rF+ MR+ Int-2 Dex+3}
   (You found it in the Desolation of Salt)

   [ring of dexterity]

   It affects your intelligence (-2).
   It affects your dexterity (+3).
   It protects you from fire.
   It insulates you from electricity.
   It affects your resistance to hostile enchantments.
Wands
 a - a wand of digging (24/24)
Scrolls
 h - 11 scrolls of identify
 i - 13 scrolls of teleportation
 k - 4 scrolls of fog
 r - 6 scrolls of recharging
 t - 3 scrolls of silence
 u - 12 scrolls of remove curse
 x - 8 scrolls of enchant armour
 y - 3 scrolls of magic mapping
 F - 10 scrolls of immolation
 L - a scroll of holy word
 R - 2 scrolls of summoning
Potions
 g - 14 potions of curing
 j - 2 potions of might
 o - 3 potions of cancellation
 s - 5 potions of agility
 v - 7 potions of brilliance
 w - 3 potions of magic
 z - a potion of cure mutation
 A - 2 potions of flight
 D - 5 potions of haste
 G - a potion of invisibility
 H - 2 potions of berserk rage
 M - 3 potions of heal wounds
 P - 2 potions of ambrosia
 S - a potion of resistance
Comestibles
 c - 17 bread rations
 f - 20 meat rations
 n - 13 slices of pizza
 B - 8 beef jerkies
 C - 25 fruits
 E - a royal jelly


   Skills:
 + Level 11.5 Fighting
 + Level 10.0 Throwing
 + Level 11.3 Armour
 - Level 5.3 Dodging
 - Level 1.0 Stealth
 * Level 15.0 Shields
 * Level 17.6 Unarmed Combat
 + Level 3.1 Spellcasting
   Level 0.6 Conjurations
 + Level 2.8 Charms
 + Level 3.0 Necromancy
   Level 2.1 Fire Magic
 + Level 11.7 Invocations


You had 19 spell levels left.
You knew the following spells:

 Your Spells              Type           Power        Failure   Level  Hunger
a - Song of Slaying       Chrm           ##......     28%         2    ##.....
g - Regeneration          Chrm/Necr      ##........   58%         3    ###....


You were on level 4 of the Depths.
You worshipped Makhleb.
Makhleb was exalted by your worship.
You were very full.

You visited 6 branches of the dungeon, and saw 31 of its levels.
You visited 1 bazaar.
You also visited: Sewer, Ice Cave and Desolation.

You collected 3759 gold pieces.
You spent 1208 gold pieces at shops.

#######....# ##### #.##
........##.# ##...## #..#
##########.###...).######.###
#.# #.##..#†#..#.......# ..##
#....##.##..###....# ..)#
#...##≈.≈##.# #.#..# ...#
#.[##≈≈..≈#.###....# ####K≈≈≈
#..##≈..§§#..##.#..#### # ##≈..
#.##§..@§§#..........># # #§≈.#
#.##≈≈ii§≈##.......##.#
###≈§≈###..#≈.iZ≈##..#..##.##.#
#.#≈≈≈≈##..##≈.E##...#........#
#.##K≈§§#..###Z##....[.##.#.#.#
#.#≈§≈§§#..##...#.........#.#.#
#.#§#§§≈#..##≈.≈##...#....#.#.#
##.#≈.#≈##..#≈≈.≈
#####.########
...###.###.##≈...≈ ########

Notes
Turn   | Place    | Note
-------+----------+-------------------------------------------
     0 | D:1      | ololoev the Troll Fire Elementalist began the quest for the Orb.
     0 | D:1      | Reached XP level 1. HP: 16/16 MP: 1/1
    32 | D:1      | Reached skill level 1 in Unarmed Combat
    94 | D:1      | Reached XP level 2. HP: 21/24 MP: 2/2
   298 | D:1      | Reached skill level 2 in Unarmed Combat
   371 | D:1      | Reached skill level 1 in Fighting
   600 | D:1      | Reached XP level 3. HP: 14/33 MP: 3/3
   730 | D:2      | Noticed Natasha
   733 | D:2      | Killed Natasha
   733 | D:2      | Reached skill level 3 in Unarmed Combat
   733 | D:2      | Reached XP level 4. HP: 32/41 MP: 4/4
   803 | D:2      | ololoev: ololololo
   803 | D:2      | ololoev: povezlo
   837 | D:2      | Noticed Natasha
   841 | D:2      | Killed Natasha
   864 | D:2      | ololoev: budu troll stabber
  1040 | D:2      | Noticed Natasha
  1060 | D:2      | Killed Natasha
  1060 | D:2      | Reached XP level 5. HP: 31/49 MP: 5/5
  1269 | D:3      | Reached skill level 4 in Unarmed Combat
  1363 | D:3      | Reached skill level 1 in Armour
  1734 | D:4      | Noticed an ogre
  1738 | D:4      | Killed an ogre
  1738 | D:4      | Reached XP level 6. HP: 36/58 MP: 6/6
  1834 | D:4      | Found a sparkling altar of Nemelex Xobeh.
  2307 | D:4      | Found a hide-covered altar of Uskayaw.
  2343 | D:5      | Entered Level 5 of the Dungeon
  2576 | D:5      | Noticed a water moccasin
  2584 | D:5      | Killed a water moccasin
  2584 | D:5      | Reached skill level 5 in Unarmed Combat
  2584 | D:5      | Reached XP level 7. HP: 66/66 MP: 7/7
  3322 | D:6      | DEFE: а что там?
  3332 | D:6      | ololoev: shadow dragon armor
  3336 | D:6      | DEFE: а
  3342 | D:6      | DEFE: ололо
  3418 | D:6      | DEFE: огненный маг незматности
  3495 | D:6      | Found a glowing drain.
  3503 | Sewer    | Entered a sewer
  3574 | Sewer    | Reached skill level 6 in Unarmed Combat
  3706 | D:6      | Reached XP level 8. HP: 75/75 MP: 8/8
  3731 | D:6      | Found a staircase to the Ecumenical Temple.
  3746 | Temple   | Entered the Ecumenical Temple
  3981 | Temple   | Became a worshipper of Makhleb the Destroyer
  4104 | D:6      | Reached skill level 1 in Shields
  4624 | D:7      | Found Doduada's Armour Shoppe.
  5026 | D:7      | Reached skill level 7 in Unarmed Combat
  5163 | D:7      | Reached skill level 1 in Invocations
  5179 | D:7      | Reached XP level 9. HP: 62/84 MP: 9/9
  5371 | D:8      | Reached * piety under Makhleb
  5423 | D:8      | Found a basalt altar of Yredelemnul.
  5424 | D:8      | Found a sacrificial altar of Ru.
  5424 | D:8      | Found a white marble altar of Elyvilon.
  5643 | D:8      | Found a shattered altar of Ashenzari.
  5833 | D:9      | Reached skill level 8 in Unarmed Combat
  6005 | D:9      | Found Honnuem's Jewellery Boutique.
  6103 | D:9      | Found a bloodstained altar of Trog.
  6120 | D:9      | Got a serpentine steel ring
  6122 | D:9      | Identified the ring "Utrias" {rC+ rN+ MR+++ Dex-5 SInv} (You found it on level 9 of the Dungeon)
  6133 | D:9      | Noticed a komodo dragon
  6143 | D:9      | Killed a komodo dragon
  6143 | D:9      | Reached XP level 10. HP: 71/94 MP: 11/11
  6318 | D:9      | Found a hazy altar of Hepliaklqana.
  6360 | D:9      | Reached skill level 5 in Shields
  6368 | D:9      | Reached ** piety under Makhleb
  6685 | D:10     | Entered Level 10 of the Dungeon
  6718 | D:10     | Noticed an eight-headed hydra
  6899 | D:10     | Found a staircase to the Lair.
  6970 | D:10     | Reached skill level 9 in Unarmed Combat
  6975 | D:10     | Reached skill level 5 in Fighting
  6975 | D:10     | Reached skill level 5 in Dodging
  6990 | D:10     | Killed an eight-headed hydra
  7335 | D:10     | Found a staircase to the Orcish Mines.
  7732 | Orc:1    | Entered Level 1 of the Orcish Mines
  7746 | Orc:1    | Reached skill level 5 in Armour
  7799 | Orc:1    | Found a frozen archway.
  7824 | IceCv    | Entered an ice cave
  7973 | IceCv    | Noticed an ice statue
  7973 | IceCv    | Noticed an ice statue
  8005 | IceCv    | Reached XP level 11. HP: 71/104 MP: 13/13
  8366 | IceCv    | Noticed a necromancer
  8375 | IceCv    | Killed a necromancer
  8465 | IceCv    | Reached skill level 10 in Unarmed Combat
  8547 | Orc:1    | Noticed an orc high priest
  8570 | Orc:1    | Killed an orc high priest
  8576 | Orc:1    | Reached *** piety under Makhleb
  8741 | Orc:1    | Found Rarawitz's Antique Armour Boutique.
  8748 | Orc:1    | Bought a fine cloak for 247 gold pieces
  8760 | Orc:1    | Identified the cursed +0 cloak "Ykhail" {*Contam rPois Int+7} (You bought it in a shop on level 1 of the Orcish Mines)
  9521 | Orc:2    | Entered Level 2 of the Orcish Mines
  9545 | Orc:2    | Found Gunopeiq's Antique Armour Boutique.
  9752 | Orc:2    | Reached **** piety under Makhleb
  9999 | Orc:2    | Noticed an orc knight
 10055 | Orc:2    | Reached skill level 5 in Invocations
 10164 | Orc:2    | Noticed an orc knight
 10295 | Orc:2    | Killed an orc knight
 10725 | Orc:2    | Reached ***** piety under Makhleb
 10737 | Orc:2    | Noticed an orc high priest
 10761 | Orc:2    | Killed an orc high priest
 10833 | Orc:2    | Reached XP level 12. HP: 113/114 MP: 15/15
 10905 | Orc:2    | Reached skill level 11 in Unarmed Combat
 11217 | Orc:2    | Reached skill level 1 in Throwing
 11259 | Orc:2    | Noticed an orc high priest
 11270 | Orc:2    | Killed an orc high priest
 11319 | Orc:2    | Noticed an orc high priest
 11339 | Orc:2    | Noticed an orc high priest
 11343 | Orc:2    | Killed an orc high priest
 11561 | Orc:2    | Noticed an orc high priest
 11590 | Orc:2    | Killed an orc high priest
 11857 | Orc:2    | Killed an orc high priest
 11875 | Orc:2    | Found Tevuf's Food Emporium.
 11878 | Orc:2    | Found Naodah's Weapon Emporium.
 11879 | Orc:2    | Found Etobia's Antique Weapon Emporium.
 11880 | Orc:2    | Found Haoxib's Antique Weapon Shoppe.
 12390 | Orc:2    | Found a staircase to the Elven Halls.
 12513 | Lair:1   | Entered Level 1 of the Lair of Beasts
 13078 | Lair:1   | Reached XP level 13. HP: 124/124 MP: 16/16
 13256 | Lair:2   | Reached skill level 12 in Unarmed Combat
 13300 | Lair:2   | Found a basalt altar of Yredelemnul.
 13584 | Lair:2   | Found a staircase to the Shoals.
 14694 | Lair:4   | Found a hole to the Spider Nest.
 15058 | Lair:4   | Reached ****** piety under Makhleb
 15317 | Lair:4   | Reached skill level 10 in Shields
 15670 | Lair:5   | Reached XP level 14. HP: 67/135 MP: 18/18
 15672 | Lair:5   | Reached skill level 13 in Unarmed Combat
 15901 | Lair:5   | Identified the Compendium of Shifting Enchantment
 16073 | Lair:5   | Found a viscous altar of Jiyva.
 16073 | Lair:5   | Found a staircase to the Slime Pits.
 16496 | Lair:6   | Entered Level 6 of the Lair of Beasts
 17350 | Lair:6   | Reached skill level 5 in Throwing
 17653 | D:11     | Gained mutation: Your body sometimes deteriorates upon taking damage. [mutagenic meat]
 17655 | D:11     | Gained mutation: You expend magic power (3 MP) to strengthen your wands. [mutagenic meat]
 17657 | D:11     | Gained mutation: Your mind is acute. (Int +2) [mutagenic meat]
 17686 | D:11     | Found Mitanofa's Distillery.
 17710 | D:11     | Bought a potion of haste for 130 gold pieces
 17710 | D:11     | Bought a potion of lignification for 39 gold pieces
 17710 | D:11     | Bought a potion of ambrosia for 104 gold pieces
 17710 | D:11     | Bought a potion of beneficial mutation for 455 gold pieces
 17797 | D:11     | Gained mutation: Your movements are slightly less encumbered by armour. (ER -2) [mutagenic meat]
 17798 | D:11     | Lost mutation: Your body sometimes deteriorates upon taking damage. [mutagenic meat]
 17800 | D:11     | Gained mutation: You evolve. [mutagenic meat]
 17801 | D:11     | Gained mutation: You occasionally shout uncontrollably at your foes. [mutagenic meat]
 17921 | D:11     | Noticed Erolcha
 17927 | D:11     | Killed Erolcha
 18356 | D:12     | Found Mefenl Moerch's General Store.
 18357 | D:12     | Noticed Psyche
 18366 | D:12     | Killed Psyche
 18376 | D:12     | Bought a scroll of identify for 28 gold pieces
 18401 | D:12     | Found Iclovver's Antique Weapon Emporium.
 18568 | D:12     | Found Ihehicag's Food Emporium.
 18645 | D:12     | Found a snail-covered altar of Cheibriados.
 18690 | D:12     | Found Gayl's Weapon Boutique.
 18701 | D:12     | Found Pantose's Assorted Antiques.
 18728 | D:12     | Bought a scroll of identify for 56 gold pieces
 18728 | D:12     | Bought a scroll of identify for 56 gold pieces
 18728 | D:12     | Identified 2 scrolls of acquirement
 18729 | D:12     | Bought a scroll labeled NIOZAL LYARGH for 28 gold pieces
 18729 | D:12     | Bought a coppery potion for 25 gold pieces
 18730 | D:12     | Lost mutation: Your mind is acute. (Int +2) [potion of mutation]
 18730 | D:12     | Gained mutation: You have a pair of small horns on your head. [potion of mutation]
 18731 | D:12     | Gained mutation: You are weak. (Str -2) [potion of mutation]
 18731 | D:12     | Gained mutation: Scrolls take you a little longer to read. [potion of mutation]
 18733 | D:12     | Lost mutation: You occasionally shout uncontrollably at your foes. [potion of cure mutation]
 18733 | D:12     | Lost mutation: Scrolls take you a little longer to read. [potion of cure mutation]
 18733 | D:12     | Lost mutation: You expend magic power (3 MP) to strengthen your wands. [potion of cure mutation]
 18733 | D:12     | Lost mutation: You are weak. (Str -2) [potion of cure mutation]
 18734 | D:12     | Gained mutation: You can translocate small distances at will. [potion of beneficial mutation]
 18750 | D:12     | Got ichor-stained storm dragon scales
 18761 | D:12     | Identified the +1 storm dragon scales of the Mackerel {rElec Str+2} (You acquired it on level 12 of the Dungeon)
 19138 | D:12     | Noticed Rupert
 19164 | D:12     | Killed Rupert
 19340 | D:13     | Noticed Maurice
 19352 | D:13     | Killed Maurice
 19541 | D:13     | Noticed Azrael
 19727 | D:13     | Reached XP level 15. HP: 145/145 MP: 20/20
 19828 | D:13     | Found a gate to the Vaults.
 19891 | D:13     | Noticed Josephine
 19907 | D:13     | Killed Josephine
 19945 | D:13     | Reached skill level 14 in Unarmed Combat
 20781 | D:14     | Noticed TBriggs11TB's ghost (journeyman HOFi)
 20813 | D:14     | Killed TBriggs11TB's ghost
 21087 | D:14     | Gained mutation: Your skin changes colour to match your surroundings (Stealth+). [evolution]
 21449 | D:15     | Entered Level 15 of the Dungeon
 21516 | D:15     | Found a flickering gateway to a bazaar.
 21523 | Bazaar   | Entered a bazaar
 21523 | Bazaar   | Found Gucw's Antique Weapon Boutique.
 21523 | Bazaar   | Found Bourazea's Jewellery Shop.
 21523 | Bazaar   | Found Lagailuc's General Store.
 21523 | Bazaar   | Found Faxkefu's Assorted Antiques.
 21523 | Bazaar   | Found Oshi Yna's Assorted Antiques.
 21593 | D:15     | Found a staircase to the Depths.
 21593 | D:15     | Noticed a fire giant
 22129 | D:15     | Killed a fire giant
 22354 | D:13     | Killed Azrael
 22481 | Elf:1    | Entered Level 1 of the Elven Halls
 22542 | Elf:1    | Found a radiant altar of Vehumet.
 22652 | Elf:1    | Noticed Frances
 22679 | Elf:1    | Killed Frances
 22706 | Elf:1    | Found a white marble altar of Elyvilon.
 22707 | Elf:1    | Found a ruined gateway.
 22707 | Elf:1    | Found a glowing silver altar of Zin.
 22771 | Elf:1    | Found a glowing golden altar of the Shining One.
 22795 | Desolati | Entered the Desolation of Salt
 23000 | Desolati | Gained mutation: Scrolls take you a little longer to read. [evolution]
 23078 | Desolati | Identified the Almanac of Flamy Contamination
 23085 | Desolati | Identified the Incunabulum of Toxic Ice
 23089 | Desolati | Identified Qizece Ycod's Reference Book on Helpful Malediction
 23142 | Desolati | Noticed an imperial myrmidon
 23159 | Desolati | Killed an imperial myrmidon
 23225 | Desolati | Got a scintillating pewter ring
 23228 | Desolati | Got an ancient tin ring
 23236 | Desolati | Identified the ring of Luilaink {rElec rF+ MR+ Int-2 Dex+3} (You found it in the Desolation of Salt)
 23238 | Desolati | Identified the ring of Roulaelu {-Tele *Drain MR+ Slay+6 SInv} (You found it in the Desolation of Salt)
 23340 | Desolati | Reached XP level 16. HP: 135/156 MP: 21/21
 23946 | Desolati | Reached skill level 15 in Unarmed Combat
 24057 | Desolati | Got a steaming tin amulet
 24131 | Desolati | Got a vibrating bone ring
 24133 | Desolati | Got a shimmering troll leather armour
 24210 | Elf:1    | Identified the amulet of Bygi {Spirit Str+5} (You took it off a servant of whispers in the Desolation of Salt)
 24226 | Elf:1    | Identified the cursed +1 troll leather armour of the Lost Path {rElec MR- Regen+ SInv} (You found it in the Desolation of Salt)
 24241 | Elf:1    | Identified the ring "Ojogetug" {+Fly Str+2 Int+2} (You found it in the Desolation of Salt)
 24533 | Elf:1    | Noticed Kirke
 24550 | Elf:1    | Killed Kirke
 24929 | Elf:1    | Identified the Collected Works on Sinister Rites
 25118 | Elf:2    | Found Cuitsiqu's Weapon Shoppe.
 25228 | Elf:2    | Noticed Jorgrun
 25238 | Elf:2    | Killed Jorgrun
 25494 | Elf:2    | Found a huge runed gate.
 25494 | Elf:2    | Found a huge runed gate.
 25494 | Elf:2    | Found a huge runed gate.
 25494 | Elf:2    | Found a huge runed gate.
 25495 | Elf:2    | Found a huge runed gate.
 25530 | Elf:2    | Found Lim Ibby's Quality Used Wands.
 25606 | Elf:2    | Reached skill level 10 in Fighting
 25813 | Elf:3    | Entered Level 3 of the Elven Halls
 25829 | Elf:3    | Reached skill level 10 in Armour
 25834 | Elf:3    | Reached XP level 17. HP: 161/166 MP: 23/23
 26148 | Elf:3    | Noticed Donald
 26172 | Elf:3    | Killed Donald
 26267 | Elf:3    | Reached skill level 16 in Unarmed Combat
 26279 | Elf:3    | Reached skill level 10 in Invocations
 26329 | Elf:3    | Noticed a Tzitzimitl
 26379 | Elf:3    | Found Gebariff's Antique Weapon Shop.
 26630 | Elf:3    | Noticed a deep elf blademaster
 26657 | Elf:3    | Killed a deep elf blademaster
 26703 | Elf:3    | Noticed an Ice Fiend
 26906 | Elf:3    | Noticed a Tzitzimitl
 27144 | Elf:3    | Got a pitted amber ring
 27148 | Elf:3    | Identified the ring of Hixaos {Fire Dex+8 SInv} (You took it off a deep elf death mage on level 3 of the Elven Halls)
 27241 | Elf:3    | Noticed a deep elf master archer
 27265 | Elf:3    | Killed a deep elf master archer
 27733 | Elf:3    | Noticed a deep elf blademaster
 27743 | Elf:3    | Noticed a deep elf master archer
 27748 | Elf:3    | Killed a deep elf blademaster
 27760 | Elf:3    | HP: 5/167 [deep elf elementalist/freezing blast (9)]
 28047 | Elf:3    | Killed a deep elf master archer
 28403 | Elf:3    | Lost mutation: You can translocate small distances at will. [potion of cure mutation]
 28403 | Elf:3    | Lost mutation: Your movements are slightly less encumbered by armour. (ER -2) [potion of cure mutation]
 28403 | Elf:3    | Lost mutation: You have a pair of small horns on your head. [potion of cure mutation]
 28403 | Elf:3    | Lost mutation: Scrolls take you a little longer to read. [potion of cure mutation]
 28654 | D:14     | Gained mutation: Your magical capacity is low. (-10% MP) [potion of mutation]
 28654 | D:14     | Gained mutation: You possess an exceptional clarity of mind. [potion of mutation]
 28654 | D:14     | Gained mutation: Scrolls take you a little longer to read. [potion of mutation]
 28655 | D:14     | Lost mutation: Your magical capacity is low. (-10% MP) [potion of cure mutation]
 28655 | D:14     | Lost mutation: You possess an exceptional clarity of mind. [potion of cure mutation]
 28655 | D:14     | Lost mutation: Your skin changes colour to match your surroundings (Stealth+). [potion of cure mutation]
 28656 | D:14     | Lost mutation: Scrolls take you a little longer to read. [potion of cure mutation]
 28656 | D:14     | Lost mutation: You evolve. [potion of cure mutation]
 28708 | Depths:1 | Entered Level 1 of the Depths
 28856 | Depths:1 | Reached XP level 18. HP: 176/176 MP: 24/24
 29609 | Depths:1 | Gained mutation: You heal very quickly. [mutagenic meat]
 29610 | Depths:1 | Gained mutation: Your mind is acute. (Int +2) [mutagenic meat]
 29844 | Depths:1 | Noticed a lich
 29853 | Depths:1 | Killed a lich
 29853 | Depths:1 | Reached skill level 17 in Unarmed Combat
 29961 | Depths:1 | Noticed a tentacled monstrosity
 29971 | Depths:1 | Killed a tentacled monstrosity
 30278 | Depths:1 | Found a gateway to Hell.
 30415 | Depths:1 | Found a bloodstained altar of Trog.
 30521 | Depths:1 | Learned a level 2 spell: Song of Slaying
 30525 | Depths:1 | Learned a level 3 spell: Regeneration
 30884 | Elf:2    | Bought 6 needles of frenzy for 40 gold pieces
 31121 | Depths:2 | Noticed a golden dragon
 31149 | Depths:1 | Killed a golden dragon
 31314 | Depths:1 | Reached skill level 1 in Charms
 31314 | Depths:1 | Reached skill level 1 in Necromancy
 31446 | Depths:2 | Noticed a lich
 31456 | Depths:2 | Killed a lich
 31481 | Depths:2 | Reached XP level 19. HP: 177/185 MP: 17/26
 31773 | Depths:2 | Found a gateway to a ziggurat.
 32125 | Depths:3 | Found a one-way gate leading to the halls of Pandemonium.
 32303 | Depths:3 | Noticed a lich
 32585 | Depths:3 | Got a serpentine marble ring
 32759 | Depths:3 | Found Vosatiacs's Distillery.
 33519 | Depths:4 | Reached skill level 10 in Throwing
 33854 | Depths:4 | Reached skill level 15 in Shields
 33924 | Depths:4 | HP: 9/187 [spriggan defender/enchanted quick blade (7)]
 33924 | Depths:4 | Killed from afar by a spriggan air mage

Dungeon Overview and Level Annotations

Branches:
Dungeon (15/15)            Temple (1/1) D:6            Lair (6/6) D:10
 Shoals (0/4) Lair:2       Spider (0/4) Lair:4        Slime (0/5) Lair:5
    Orc (2/2) D:10            Elf (3/3) Orc:2        Vaults (0/5) D:13
 Depths (4/5) D:15

Altars:
Ashenzari
Cheibriados
Dithmenos
Elyvilon
Fedhas
Gozag
Hepliaklqana
Kikubaaqudgha
Makhleb
Nemelex Xobeh
Okawaru
Qazlal
Ru
Sif Muna
Trog
Uskayaw
Vehumet
Xom
Yredelemnul
Zin
The Shining One
Jiyva

Shops:
D:7 [   D:9 =   D:11 !   D:12 (%**(   Orc:1 [   Orc:2 [(((%   Elf:2 (}
Elf:3 (   Depths:3 !

Portals:
Hell: Depths:1 Depths:2 Depths:3
Pandemonium: Depths:3
Ziggurat: Depths:2

Annotations:
Lair:2 exclusion: oklob plant
Elf:2 5 runed doors
Depths:4 1 exclusion


Message History

The spriggan defender blocks your attack.
The spriggan defender is heavily wounded.
You block the spriggan defender's attack.
The spriggan defender hits you but does no damage.
The spriggan defender blocks your attack.
The spriggan defender is heavily wounded.
You block the spriggan defender's attack. x2
The spriggan air mage casts a spell at you.
The bolt of lightning hits you! You resist.
You closely miss the spriggan defender.
The spriggan defender is heavily wounded.
You block the spriggan defender's attack.
The spriggan defender hits you with a flail of protection!!
The spriggan air mage closely misses you.
The spriggan defender hits you with an enchanted quick blade!!
You claw the spriggan defender!
The spriggan defender is severely wounded.
You block the spriggan defender's attack.
The spriggan defender hits you with an enchanted quick blade!!
You are too injured to fight recklessly!
You are too injured to fight recklessly!
You are too injured to fight recklessly!
You are too injured to fight recklessly!
You are too injured to fight recklessly!
You are too injured to fight recklessly!
You are too injured to fight recklessly!
You are too injured to fight recklessly!
You are too injured to fight recklessly!
You are too injured to fight recklessly!
You are too injured to fight recklessly!
You are too injured to fight recklessly!
You are too injured to fight recklessly!
You are too injured to fight recklessly!
You are too injured to fight recklessly!
Unknown command.
You completely miss the spriggan defender.
The spriggan defender is severely wounded.
You block the spriggan defender's attack.
The spriggan air mage hits you but does no damage.
You block the spriggan defender's attack.
The spriggan defender blocks your attack.
The spriggan defender is severely wounded.
The spriggan defender hits you but does no damage.
The spriggan defender closely misses you.
The spriggan defender blocks your attack.
The spriggan defender is severely wounded.
The spriggan defender hits you with an enchanted quick blade.
The spriggan air mage barely misses you.
You barely miss the spriggan defender.
The spriggan defender is severely wounded.
The spriggan defender hits you with an enchanted quick blade!!
The spriggan defender hits you with a flail of protection!
You block the spriggan defender's attack.
The spriggan air mage waves its arms in wide circles.
The air twists around and strikes you!
The spriggan defender blocks your attack.
The spriggan defender is heavily wounded.
The spriggan defender hits you with a flail of protection!
You block the spriggan defender's attack.
Unknown command.
Your storm dragon scales of the Mackerel prevents you from hitting the spriggan defender.
The spriggan defender is heavily wounded.
You block the spriggan defender's attack.
The spriggan air mage waves its arms in wide circles.
The air twists around and strikes you!
You block the spriggan defender's attack.
You block the spriggan defender's attack. x2
The spriggan air mage waves its arms in wide circles.
The air twists around and strikes you!
You block the spriggan defender's attack.
The spriggan defender hits you but does no damage.
Unknown command.
As you read the scroll of teleportation, it crumbles to dust.
You feel strangely unstable.
You block the spriggan defender's attack.
The spriggan defender hits you with a flail of protection!
The spriggan defender hits you with an enchanted quick blade!
The spriggan air mage waves its arms in wide circles.
The air twists around and strikes you!
You die...

You could see 2 spriggan defenders, a spriggan air mage, a water elemental, an eight-headed hydra simulacrum and a six-headed hydra simulacrum.

Vanquished Creatures
  A golden dragon (Depths:1)
  4 liches
  Jorgrun (Elf:2)
  Rupert (D:12)
  A tentacled monstrosity (Depths:1)
  2 deep elf blademasters (Elf:3)
  2 deep elf master archers (Elf:3)
  A sphinx (Depths:4)
  Frances (Elf:1)
  Donald (Elf:3)
  Kirke (Elf:1)
  4 frost giants
  2 imperial myrmidons (Desolation)
  2 iron dragons
  4 fire giants
  4 deep elf sorcerers
  2 angels (Elf:1)
  4 deep elf elementalists (Elf:3)
  10 stone giants
  A spriggan defender (Depths:3)
  The ghost of TBriggs11TB the Fighter, a journeyman HOFi of the Shining One (D:14)
  9 very ugly things
  2 vampire knights
  6 deep elf demonologists (Elf:3)
  Azrael (D:13)
  8 deep elf annihilators (Elf:3)
  A dire elephant (Lair:6)
  3 halazid warlocks (Desolation)
  10 ettins
  A merfolk impaler (Depths:3)
  9 deep elf death magi
  3 ragged hierophants (Desolation)
  2 deep elf high priests (Elf:3)
  A merfolk javelineer (Depths:3)
  Josephine (D:13)
  2 crystal guardians (Desolation)
  2 jiangshi (Depths:1)
  8 fire dragons
  Erolcha (D:11)
  5 yaktaur captains
  9 ice dragons
  7 servants of whispers (Desolation)
  3 great orbs of eyes
  4 rakshasas
  3 peacekeepers (Desolation)
  2 catoblepae
  4 hydras
  6 two-headed ogres
  2 ogre magi
  2 centaur warriors (D:15)
  4 deep troll shamans
  A vampire mage (Depths:2)
  8 spriggan berserkers
  A deep troll earth mage (Depths:1)
  9 dancing weapons
  4 death yaks
  7 tengu warriors
  7 orc high priests
  An iron troll (Depths:1)
  13 deep elf knights
  2 glowing orange brains (Depths:3)
  7 deep trolls (Depths:1)
  3 flayed ghosts
  A glowing orange brain (shapeshifter) (Depths:3)
  2 unseen horrors
  10 deep elf archers
  2 necromancers
  7 wizards
  An ironbrand convoker (Desolation)
  A wolf spider zombie (D:13)
  7 orc knights
  An orc sorcerer (Elf:1)
  40 deep elf magi
  3 elephants (Lair:6)
  26 ugly things
  4 manticores
  3 salamanders (Depths:4)
  5 cyclopes
  A guardian serpent (Desolation)
  A molten gargoyle (Desolation)
  Maurice (D:13)
  10 black mambas
  6 rime drakes (Lair:4)
  3 ice statues (IceCv)
  8 spiny frogs
  A kobold demonologist (D:15)
  34 yaktaurs
  13 komodo dragons
  5 ice devils (IceCv)
  A harpy zombie (D:13)
  4 tengu conjurers
  2 polar bears
  6 trolls
  6 blink frogs (Lair:4)
  A jumping spider (shapeshifter) (Depths:3)
  4 hornets
  31 saltlings (Desolation)
  13 slime creatures
  A meliai zombie (D:15)
  15 hippogriffs
  5 spriggans
  26 yaks
  4 water elementals
  6 air elementals
  2 large abominations (Elf:1)
  6 wraiths (D:13)
  8 wyverns
  A tarantella (shapeshifter) (Depths:1)
  5 basilisks
  7 fire elementals
  7 hogs
  A human (D:7)
  A hungry ghost (D:14)
  4 vampire mosquitoes (D:12)
  3 wargs (Orc:1)
  A soldier ant (D:12)
  3 hydra simulacra (Depths:4)
  10 water moccasins
  An acid dragon (D:13)
  4 hell hounds (D:13)
  12 porcupines
  A sky beast (shapeshifter) (Depths:2)
  4 sky beasts
  A phantom (D:12)
  An eye of draining (D:13)
  45 orc warriors
  4 ice beasts
  7 boggarts
  6 black bears
  A necrophage (D:10)
  24 wolves
  13 centaurs
  14 crocodiles
  13 ogres
  4 elf zombies (Elf:1)
  2 big kobolds
  22 bullfrogs
  4 earth elementals
  A water moccasin zombie (D:10)
  9 scorpions
  13 killer bees
  9 wights
  3 howler monkeys
  An electric eel (Lair:3)
  6 crimson imps
  4 centaur zombies
  2 draconian simulacra (IceCv)
  8 hounds
  3 jellies
  36 orc priests
  2 bullfrog zombies
  18 orc wizards
  4 centaur skeletons
  An iron imp (Depths:1)
  3 bullfrog skeletons
  Natasha (thrice) (D:2)
  5 iguanas
  10 worker ants
  2 troll simulacra (IceCv)
  3 spriggan simulacra (IceCv)
  A centaur simulacrum (IceCv)
  A hound skeleton (D:11)
  3 hound zombies
  3 gnolls (Orc:2)
  A howler monkey skeleton (D:7)
  An ogre simulacrum (IceCv)
  12 adders
  A river rat (D:6)
  A naga simulacrum (IceCv)
  3 shadow imps
  3 oozes
  4 adder skeletons
  3 worms
  2 dart slugs (D:3)
  10 leopard geckos
  85 orcs
  5 bats
  8 giant cockroaches
  6 goblins
  2 hobgoblins
  6 jackals
  4 quokkas
  2 ball pythons
  6 frilled lizards
  A jackal skeleton (D:4)
  30 kobolds
  2 leopard gecko skeletons (D:7)
  10 rats
1159 creatures vanquished.

Vanquished Creatures (collateral kills)
  A deep elf sorcerer (Elf:3)
  A deep elf death mage (Elf:3)
  A servant of whispers (Desolation)
  A peacekeeper (Desolation)
  3 hydras
  2 death yaks (Lair:6)
  A deep elf mage (D:12)
  An elephant (Lair:6)
  Psyche (D:12)
  A molten gargoyle (Desolation)
  2 hippogriffs (Lair:4)
  A wraith (D:12)
  3 wyverns
  A centaur (D:12)
  A crocodile (Lair:3)
  2 killer bees (D:12)
  2 fungi (Lair:6)
  3 plants (Lair:6)
28 creatures vanquished.

Vanquished Creatures (others)
  A fire giant (Depths:3)
  A hydra (D:10)
  4 deep elf archers
  A deep elf mage (Elf:2)
  A yak (D:10)
  A fire elemental (Depths:4)
  A centaur (D:12)
  4 orcs (D:10)
  3 fungi
  11 plants
28 creatures vanquished.

Grand Total: 1215 creatures vanquished

Action                   |  1- 3 |  4- 6 |  7- 9 | 10-12 | 13-15 | 16-18 | 19-21 || total
-------------------------+-------+-------+-------+-------+-------+-------+-------++-------
Melee: Unarmed           |    91 |   205 |   323 |  1192 |  1676 |  1482 |   650 ||  5619
       Punch             |     1 |     2 |     3 |     3 |       |       |       ||     9
       Headbutt          |       |       |       |       |   128 |   144 |       ||   272
 Fire: Blowgun           |       |       |       |     7 |    16 |       |       ||    23
Throw: Throwing net      |       |       |       |       |     5 |     2 |       ||     7
       Large rock        |       |       |       |       |    12 |    14 |       ||    26
Invok: Major Destruction |       |       |       |       |     7 |       |       ||     7
       Lesser Servant of |       |       |       |       |    14 |     3 |       ||    17
       Greater Servant o |       |       |       |       |       |     2 |       ||     2
Evoke: Wand              |       |       |       |     1 |     2 |       |       ||     3
  Use: Scroll            |       |       |       |    17 |    24 |     7 |     4 ||    52
       Potion            |       |       |       |       |     5 |    10 |       ||    15
 Stab: Sleeping          |       |     1 |     4 |     9 |     8 |       |       ||    22
       Distracted        |       |       |       |     1 |     3 |       |       ||     4
       Held in net/web   |       |       |       |       |     3 |       |       ||     3
       Petrified         |       |       |       |       |     3 |       |       ||     3
       Confused          |       |       |       |       |     2 |       |       ||     2
  Eat: Chunk             |     6 |    21 |    35 |    65 |   106 |    76 |    20 ||   329
Armor: Robe              |    21 |     7 |       |       |       |       |       ||    28
       Shadow dragon sca |       |   142 |   185 |   368 |   415 |       |       ||  1110
       Storm dragon scal |       |       |       |       |   157 |   325 |   151 ||   633
Dodge: Dodged            |    33 |    70 |    88 |   168 |   251 |   195 |    94 ||   899
Block: Large shield      |       |       |       |   722 |  1302 |  1075 |   483 ||  3582
       Reflection        |       |       |       |       |    11 |    47 |       ||    58

Vault maps used:
D:1:      dpeg_arrival_fog, wad_floor_pattern_untrapped, minmay_hedge_maze,
          minmay_tromino_v4_c
D:2:      first_bread, uniq_natasha
D:3:      st_stairs_4
D:4:      lemuel_crystal_altar, lemuel_coloured_pillars_altar
D:6:      gup_sewer_entry_bubbles
D:7:      serial_shops, shop, grunt_livestock
D:8:      chequers_temple_overflow_statue_of_worship
D:9:      basic_altar, serial_shops, shop, hex_tiny, trog_ov_bears_minmay
D:10:     grunt_lair_entry_orc_guard_hut, orc_0_dummy, lemuel_flamethrower_2
D:11:     serial_shops, shop, uniq_erolcha
D:12:     serial_shops, shop_fountains, shop, shop,
          nicolae_shop_competitors_out_of_business, shop, basic_altar,
          uniq_psyche, uniq_rupert
D:13:     minmay_wizard_corner, david_vaults_2, uniq_azrael, uniq_josephine,
          uniq_maurice
D:14:     minmay_misc_feat_chi
D:15:     grunt_enter_depths_giant_problem, serial_shops, bzr_entry_safe,
          grunt_decor_mini_mirrors, kennysheep_crisscross
Temple:   regret_index_temple_generic_petals
Lair:1:   beast_lair_carwin_9, grunt_megastairs_2
Lair:2:   minmay_shoals_entry_beasts, lemuel_oklob_altar
Lair:3:   serial_bayou_shore_a, serial_bayou_shore_b, grunt_megastairs_5,
          lemuel_fruit_tree
Lair:4:   nicolae_spider_entry_non_spiders
Lair:5:   slime_altar_1, forest_entry_grove
Lair:6:   grunt_lair_end_beastmaster, columned_hall_lemuel
Orc:1:    serial_shops, shop_fountains, portal_ice_cave_entry_pillars_1,
          nicolae_orc_lava_room
Orc:2:    st_orc_pillars, serial_shops, nicolae_shop_crystal,
          lightli_orcish_oven
Elf:1:    eino_elf_arrival_altar, portal_desolation_entry_holy_temple,
          minmay_elf_necromancy, corexii_hall_statues_t, spider_trap,
          uniq_kirke, uniq_frances
Elf:2:    serial_shops, shop, nicolae_for_you_no_charge, uniq_jorgrun,
          uniq_nikola
Elf:3:    grunt_elf_hall_asides, serial_shops, nicolae_shop_stone,
          serial_sigils_hangedman_scratch, uniq_donald
Depths:1: grunt_hell_entry_dis_mu, serial_glass, glass_columns_a,
          glass_columns_a, item_on_display_a, roderic_serpentine_path,
          evilmike_spriggan_trog_shrine, grunt_megastairs_3
Depths:2: minmay_crescents, enter_ziggurat_f, corexii_leaking_fountain,
          pf_coc_iceberg
Depths:3: kennysheep_scales, infiniplex_staircase_diamond,
          pf_hell_entry_great_geh, pan_entry, minmay_shop_star,
          serial_bayou_shore_b, firewood_loft
Depths:4: cheibrodos_hall_of_evolution, hellmouth_1, marbit_kobold_abyss_entry,
          nicolae_wwwww, serial_sigils_hangedman_gnaw, uniq_frederick
Bazaar:   bazaar_minmay_generic_box
Sewer:    sewer_the_crocodile
IceCv:    ice_cave_tombish
